General information
			
			
        
        - name: BNet
 
        - type: Ladder 1vs1/FFA
 
        - host: Battle.net
 
        - saver: Mist-
 
        
map: TidewaterGlades 
        - players: 2
 
        - length: 09:10
 
        - speed: Fast
 - version: 1.22 W3XP
 - replay type:  Public
 
» download(33 KB)
Players
        team 1 (winner) 
              
              
Mist- (
pink | 168 APM | 1542 actions | 09:10)
              
 3 Death Knight 
 2 Death Coil
 1 Unholy Aura
 
                » actions 
                
                | Assign group hotkey | 70 |  | 
| Basic commands | 146 |  | 
| Build / train | 36 |  | 
| ESC pressed | 12 |  | 
| Enter build submenu | 16 |  | 
| Enter hero's abilities submenu | 3 |  | 
| Right click | 765 |  | 
| Select / deselect | 275 |  | 
| Select group hotkey | 179 |  | 
| Use ability | 40 |  | 
                1542 total
 » units 
                
                | Acolyte | 4 |  | 
| Ghoul | 8 |  | 
| Crypt Fiend | 8 |  | 
| Obsidian Statue | 1 |  | 
                21 total
 » upgrades
                » buildings
                
                | Crypt | 2 |  | 
| Ziggurat | 3 |  | 
| Altar of Darkness | 1 |  | 
| Tomb of Relics | 1 |  | 
| Nerubian Tower | 1 |  | 
| Graveyard | 2 |  | 
| Halls of the Dead | 1 |  | 
| Slaughterhouse | 1 |  | 
                12 total
 » build order
                00:05 Crypt
00:09 Ziggurat
00:30 Altar of Darkness
01:34 Ziggurat
01:42 Tomb of Relics
01:50 Nerubian Tower
02:26 Graveyard
02:28 Graveyard
02:57 Halls of the Dead
04:35 Ziggurat
05:59 Crypt
07:26 Slaughterhouse
» items
                
                | Rod of Necromancy | 5 |  | 
| Potion of Healing | 1 |  | 
                6 total
  
               team 2 (loser) 
              
              
» 
Childlikecake (
red | 33 APM | 302 actions | 09:09)
              
 2 Shadow Hunter 
 1 Hex
 1 Healing Wave
 
                » actions 
                
                | Assign group hotkey | 14 |  | 
| Basic commands | 15 |  | 
| Build / train | 32 |  | 
| Enter build submenu | 8 |  | 
| Enter hero's abilities submenu | 2 |  | 
| Remove unit from queue | 1 |  | 
| Right click | 72 |  | 
| Select / deselect | 98 |  | 
| Select group hotkey | 39 |  | 
| Use ability | 21 |  | 
                302 total
 » units 
                
                | Peon | 11 |  | 
| Troll Headhunter/Berserker | 14 |  | 
                25 total
 » upgrades
                » buildings
                
                | Altar of Storms | 1 |  | 
| Orc Burrow | 2 |  | 
| Barracks | 1 |  | 
| War Mill | 1 |  | 
| Stronghold | 1 |  | 
| Spirit Lodge | 1 |  | 
                7 total
 » build order
                00:07 Altar of Storms
00:09 Orc Burrow
00:12 Barracks
01:35 War Mill
01:59 Orc Burrow
05:37 Stronghold
08:12 Spirit Lodge
 
                Chat log
          (00:17 / All) Mist-: gl gg
(00:22 / All) Childlikecake: u2